 Dungeon Crawl Stone Soup version 0.29.0-4-gdea44cf6ec (webtiles) character file.

Game seed: 9543869724140772091

9087 qw the Cleaver (level 11, -11/68 HPs)
             Began as a Gargoyle Berserker on Sept 4, 2022.
             Was an Elder of Trog.
             Killed from afar by a fire dragon (37 damage)
             ... with a blast of flame
             ... on level 1 of the Lair of Beasts.
             The game lasted 00:03:49 (11377 turns).

qw the Cleaver (Gargoyle Berserker)                Turns: 11377, Time: 00:03:49

Health: -11/68     AC: 33    Str: 32    XL:     11   Next: 41%
Magic:  11/11      EV:  8    Int:  8    God:    Trog [****..]
Gold:   294        SH: 11    Dex: 15    Spells: 10/10 levels left

rFire   . . .      SeeInvis .   Y - +0 broad axe (flame)
rCold   . . .      Faith    .   r - +0 kite shield
rNeg    + . .      Spirit   .   e - +1 plate armour
rPois   inf        Reflect  .   j - +2 helmet
rElec   +          Harm     .   w - +1 cloak of Prudence {Str+7}
rCorr   .          Rampage  .   n - +2 pair of gloves
Will    .....                   u - +0 pair of boots
Stlth   ..........              k - amulet of regeneration
HPRegen 1.01/turn               b - +4 ring of slaying {mikee}
MPRegen 0.12/turn               x - +6 ring of dexterity

@: on berserk cooldown, slowed, very slow
A: sickness immunity, AC +8, negative energy resistance 1, electricity
resistance, torment resistance 1, petrification resistance
a: Renounce Religion, Berserk, Trog's Hand, Brothers in Arms


You were on level 1 of the Lair of Beasts.
You worshipped Trog.
Trog was greatly pleased with you.
You visited 2 branches of the dungeon, and saw 11 of its levels.

You collected 691 gold pieces.
You spent 397 gold pieces at shops.


Innate Abilities, Weirdness & Mutations

You are immune to sickness and miasma.
Your stone body is resilient. (AC +8)
You are immune to poison.
You resist negative energy. (rN+)
You are resistant to electric shocks. (rElec)
You are resistant to unholy torment.
You are immune to petrification.


   Skills:
 - Level 8.0 Fighting
 + Level 10.6 Axes
 - Level 2.0 Throwing
 - Level 8.2 Armour
 - Level 3.1 Dodging
 - Level 9.2 Shields


You had 10 spell levels left.
You didn't know any spells.
Your spell library was empty.

Inventory:

Hand Weapons
 Y - a +0 broad axe of flaming (weapon)
Missiles
 a - 19 boomerangs (quivered)
Armour
 e - a +1 plate armour (worn)
 j - a +2 helmet (worn)
 n - a +2 pair of gloves (worn)
 r - a +0 kite shield (worn)
 u - a +0 pair of boots (worn)
 w - the +1 cloak of Prudence (worn) {Str+7}
   (You bought it in a shop on level 9 of the Dungeon)

   Str:       It affects your strength (+7).
Jewellery
 b - a +4 ring of slaying (left hand) {mikee}
 c - a ring of protection from fire
 k - an amulet of regeneration (around neck)
 x - a +6 ring of dexterity (right hand)
Scrolls
 p - a scroll of identify
 s - 4 scrolls of teleportation
Potions
 d - 2 potions of cancellation {unknown}
 f - 3 potions of curing
 g - a potion of mutation
 h - a potion of flight
 m - a potion of degeneration {unknown}
 t - a potion of heal wounds {unknown}
 v - a potion of attraction {unknown}

Dungeon Overview and Level Annotations

Branches:
Dungeon (10/15)            Temple (0/1) D:4            Lair (1/5) D:10
    Orc (0/2) D:9

Altars:
Elyvilon
Okawaru
The Shining One

Shops:
D:4 *   D:9 [(


Message History

You hear a splash.
You are engulfed in a cloud of scalding steam.
The ice encasing you melts away. You block the fire dragon's attack.
The fire dragon claws you but does no damage.
The fire dragon barely misses you.
Your unstable footing causes you to fumble your attack.
You are engulfed in a cloud of scalding steam.
The fire dragon closely misses you.
The fire dragon claws you but does no damage.
The fire dragon tramples you but does no damage.
You slash the fire dragon!
The fire dragon is heavily wounded.
The fire dragon bites you but does no damage.
The fire dragon claws you but does no damage.
The fire dragon tramples you but does no damage.
You barely miss the fire dragon.
The fire dragon is heavily wounded.
You slice the fire dragon!! You burn the fire dragon.
The fire dragon is severely wounded.
The fire dragon bites you. The fire dragon claws you.
The fire dragon barely misses you.
Your unstable footing causes you to fumble your attack.
The fire dragon breathes flames at you. The blast of flame hits you!!
You slash the fire dragon! You burn the fire dragon.
The fire dragon is almost dead.
You are engulfed in a cloud of scalding steam.
The fire dragon closely misses you. You block the fire dragon's attack.
The fire dragon tramples you but does no damage.
You hit the fire dragon.
The fire dragon is almost dead.
You are engulfed in a cloud of scalding steam.
You are no longer berserk.
You are exhausted.
You feel yourself slow down. The fire dragon breathes flames at you.
The blast of flame hits you!!!
Ouch! That really hurt!
You die...

..# ### ~~~~~ #
######~~~~~ #
####...~~~~~~~ ######
##.......~~~~~~
.....#####........~~~~~~
####.............~~~~~~~
#####.........%~~~$[~
###......@D~..$$$
##....~~~....?$
###..~~~~....!
####~~~##### #####


You could see a fire dragon (catching breath).

Vanquished Creatures
  A centaur warrior (D:10)
  A two-headed ogre (D:10)
  A wizard (D:10)
  A black mamba (Lair:1)
  A cane toad (Lair:1)
  2 unseen horrors (D:10)
  2 komodo dragons (Lair:1)
  A rime drake (Lair:1)
  A hornet (D:7)
  A shadow (D:10)
  4 yaks (D:10)
  A wyvern (D:10)
  2 steam dragons
  6 water moccasins
  An ice beast (D:7)
  4 orc warriors
  2 black bears
  3 centaurs
  A phantom (D:4)
  A kobold brigand (D:9)
  2 necrophages (D:6)
  2 bullfrogs
  2 gnoll sergeants (D:9)
  3 scorpions
  10 wights (D:8)
  3 killer bees (D:10)
  An electric eel (Lair:1)
  4 howler monkeys
  3 hounds (D:7)
  3 orc priests
  2 gnoll boudas
  2 jellies
  3 iguanas
  13 orc wizards
  24 gnolls
  10 adders
  A shadow imp (D:5)
  2 worms
  2 dart slugs
  48 orcs
  3 endoplasms
  5 giant cockroaches
  14 goblins
  7 hobgoblins
  8 jackals (D:1)
  10 kobolds
  5 quokkas
  8 ball pythons
  8 bats
  A frilled lizard (D:1)
  4 rats
250 creatures vanquished.

Vanquished Creatures (others)
  A fungus (Lair:1)
1 creature vanquished.

Grand Total: 251 creatures vanquished

Notes
Turn   | Place    | Note
-------+----------+-------------------------------------------
     0 | D:1      | qw the Gargoyle Berserker began the quest for the Orb.
     0 | D:1      | Reached XP level 1. HP: 14/14 MP: 1/1
     0 | D:1      | 0 ||| qw: Version: 0.1-a-103-gd6f5d3a
     0 | D:1      | 0 ||| qw: Game counter: 5741
     0 | D:1      | 0 ||| qw: Always use a shield: true
     0 | D:1      | 0 ||| qw: Do Orc after D:15 true
     0 | D:1      | 0 ||| qw: Do second Lair branch before Depths: true
     0 | D:1      | 0 ||| qw: Lair rune preference: random
     0 | D:1      | 0 ||| qw: Plans: Normal
     0 | D:1      | 0 ||| PLANNING D:1-11
     7 | D:1      | 7 ||| Stepping ~*~*~tactically~*~*~ (stealth).
    35 | D:1      | 35 ||| Stepping ~*~*~tactically~*~*~ (stealth).
   140 | D:1      | 140 ||| Stepping ~*~*~tactically~*~*~ (stealth).
   149 | D:1      | Reached skill level 3 in Axes
   246 | D:1      | 246 ||| Stepping ~*~*~tactically~*~*~ (stealth).
   249 | D:1      | Reached XP level 2. HP: 17/19 MP: 2/2
   262 | D:1      | 262 ||| INVOKING Berserk.
   271 | D:1      | HP: 7/28 [kobold/+0 club (3)]
   294 | D:1      | 294 ||| Stepping ~*~*~tactically~*~*~ (stealth).
   343 | D:1      | 343 ||| Stepping ~*~*~tactically~*~*~ (stealth).
   388 | D:1      | 388 ||| Stepping ~*~*~tactically~*~*~ (stealth).
   535 | D:1      | 535 ||| Stepping ~*~*~tactically~*~*~ (stealth).
   538 | D:1      | 538 ||| Stepping ~*~*~tactically~*~*~ (stealth).
   545 | D:1      | Reached XP level 3. HP: 21/23 MP: 3/3
   575 | D:1      | 575 ||| INVOKING Berserk.
   945 | D:1      | 945 ||| Stepping ~*~*~tactically~*~*~ (hiding).
  1047 | D:1      | 1047 ||| Stepping ~*~*~tactically~*~*~ (hiding).
  1199 | D:1      | Reached skill level 4 in Axes
  1346 | D:1      | 1346 ||| UPGRADING to +0 scale mail.
  1356 | D:1      | 1356 ||| DROPPING +0 animal skin.
  1357 | D:1      | 1357 ||| READING scroll labelled BAPSUO EXKESAA.
  1358 | D:1      | 1358 ||| READING scroll labelled GIDGHA MIPOMUT.
  1380 | D:2      | 1380 ||| STAIRDANCE
  1514 | D:2      | Reached ** piety under Trog
  1663 | D:2      | 1663 ||| DROPPING +0 club.
  1747 | D:2      | 1747 ||| Stepping ~*~*~tactically~*~*~ (stealth).
  1749 | D:2      | 1749 ||| Stepping ~*~*~tactically~*~*~ (stealth).
  1856 | D:2      | Reached XP level 4. HP: 28/28 MP: 4/4
  2051 | D:2      | 2051 ||| UPGRADING to +1 helmet.
  2056 | D:2      | 2056 ||| READING scroll labelled XOVYFRAZAS.
  2057 | D:2      | 2057 ||| READING scroll labelled HIPSEG FEITHRA.
  2355 | D:3      | 2355 ||| DROPPING +0 whip.
  2508 | D:3      | 2508 ||| Stepping ~*~*~tactically~*~*~ (stealth).
  2932 | D:3      | 2932 ||| UPGRADING to +0 chain mail.
  2942 | D:3      | 2942 ||| DROPPING +0 scale mail.
  2943 | D:3      | 2943 ||| UPGRADING to +4 ring of slaying {mikee}.
  2964 | D:4      | Reached skill level 5 in Axes
  2988 | D:4      | 2988 ||| Stepping ~*~*~tactically~*~*~ (stealth).
  2990 | D:4      | Noticed a phantom
  3005 | D:4      | Killed a phantom
  3006 | D:4      | Reached XP level 5. HP: 23/34 MP: 5/5
  3192 | D:4      | Found Utazaag's CLEARANCE SALE!.
  3205 | D:4      | Found an iron altar of Okawaru.
  3273 | D:4      | 3273 ||| Stepping ~*~*~tactically~*~*~ (hiding).
  3276 | D:4      | 3276 ||| Stepping ~*~*~tactically~*~*~ (hiding).
  3280 | D:4      | 3280 ||| Stepping ~*~*~tactically~*~*~ (stealth).
  3281 | D:4      | 3281 ||| INVOKING Berserk.
  3307 | D:4      | 3307 ||| Stepping ~*~*~tactically~*~*~ (stealth).
  3309 | D:4      | 3309 ||| FLEEEEING.
  3333 | D:4      | Reached XP level 6. HP: 34/39 MP: 6/6
  3468 | D:4      | 3468 ||| Stepping ~*~*~tactically~*~*~ (stealth).
  3529 | D:4      | Found a white marble altar of Elyvilon.
  3593 | D:4      | Found a staircase to the Ecumenical Temple.
  3862 | D:4      | 3862 ||| UPGRADING to +2 pair of gloves.
  3867 | D:4      | 3867 ||| DROPPING orb of light.
  3868 | D:4      | 3868 ||| UPGRADING to amulet of regeneration.
  3873 | D:4      | 3873 ||| READING scroll labelled OCEOGGIUGU.
  3877 | D:4      | 3877 ||| READING scroll labelled VANAPO UNWUDUCUFY.
  3878 | D:4      | 3878 ||| DRINKING 4 clear potions.
  3901 | D:5      | Entered Level 5 of the Dungeon
  3904 | D:5      | 3904 ||| STAIRDANCE
  3919 | D:4      | Reached skill level 3 in Armour
  3927 | D:5      | Reached skill level 6 in Axes
  3931 | D:5      | 3931 ||| Stepping ~*~*~tactically~*~*~ (hiding).
  3932 | D:5      | 3932 ||| Stepping ~*~*~tactically~*~*~ (hiding).
  3934 | D:5      | 3934 ||| INVOKING Berserk.
  3939 | D:5      | Reached XP level 7. HP: 44/44 MP: 7/7
  3941 | D:5      | Reached *** piety under Trog
  4072 | D:5      | 4072 ||| Stepping ~*~*~tactically~*~*~ (stealth).
  4211 | D:5      | 4211 ||| SWAPPING to +0 hand axe of freezing.
  4212 | D:5      | 4212 ||| DROPPING +0 hand axe.
  4230 | D:5      | 4230 ||| INVOKING Berserk.
  4515 | D:5      | 4515 ||| DROPPING +0 flail.
  4674 | D:5      | 4674 ||| UPGRADING to +0 plate armour.
  4684 | D:5      | 4684 ||| DROPPING +0 chain mail.
  4685 | D:5      | 4685 ||| READING 2 scrolls labelled ASCHIL ODIOS SID.
  4686 | D:5      | 4686 ||| READING 2 scrolls labelled KIAVEP WUACH.
  4687 | D:5      | 4687 ||| READING scroll labelled INEMAAJATS.
  4688 | D:5      | 4688 ||| READING 2 scrolls labelled XITALLUVOGH.
  4689 | D:5      | 4689 ||| READING scroll labelled VAPRUPAPRO.
  4690 | D:5      | 4690 ||| READING 2 scrolls of identify.
  4690 | D:5      | 4690 ||| IDENTIFYING yellow potion
  4691 | D:5      | 4691 ||| DROPPING potion of invisibility.
  4692 | D:5      | 4692 ||| DROPPING scroll of magic mapping.
  4693 | D:5      | 4693 ||| DROPPING scroll of amnesia.
  4714 | D:4      | 4714 ||| READING 3 scrolls of teleportation.
  4784 | D:4      | 4784 ||| READING 2 scrolls of teleportation.
  4827 | D:6      | Identified the +1 hand axe of Ignis's Inspiration {holy,
                  | Fragile rElec rPois rCorr}
  4958 | D:6      | Noticed a steam dragon
  4962 | D:6      | 4962 ||| INVOKING Berserk.
  4967 | D:6      | Killed a steam dragon
  5149 | D:6      | 5149 ||| READING scroll of enchant armour.
  5149 | D:6      | 5149 ||| ENCHANTING +1 helmet.
  5173 | D:6      | Identified the +6 dagger "Etynix" {freeze, rF- rC++ Str+4}
  5280 | D:6      | 5280 ||| INVOKING Berserk.
  5285 | D:6      | Reached skill level 7 in Axes
  5286 | D:6      | Reached XP level 8. HP: 48/48 MP: 8/8
  5482 | D:6      | 5482 ||| Stepping ~*~*~tactically~*~*~ (hiding).
  5483 | D:6      | 5483 ||| Stepping ~*~*~tactically~*~*~ (hiding).
  5494 | D:6      | Reached skill level 1 in Throwing
  5573 | D:6      | 5573 ||| INVOKING Berserk.
  6014 | D:6      | 6014 ||| READING scroll labelled MAINOPT TUMA.
  6015 | D:6      | 6015 ||| READING scroll labelled WAIBRO KUJAMM.
  6051 | D:7      | 6051 ||| Stepping ~*~*~tactically~*~*~ (stealth).
  6100 | D:7      | 6100 ||| Stepping ~*~*~tactically~*~*~ (hiding).
  6101 | D:7      | 6101 ||| Stepping ~*~*~tactically~*~*~ (hiding).
  6102 | D:7      | 6102 ||| Stepping ~*~*~tactically~*~*~ (hiding).
  6278 | D:7      | 6278 ||| INVOKING Berserk.
  6280 | D:7      | Reached skill level 8 in Axes
  6511 | D:7      | Noticed a hornet
  6514 | D:7      | 6514 ||| INVOKING Berserk.
  6525 | D:7      | Killed a hornet
  6526 | D:7      | Reached skill level 6 in Fighting
  6656 | D:7      | 6656 ||| INVOKING Berserk.
  6666 | D:7      | Reached XP level 9. HP: 55/55 MP: 9/9
  6823 | D:7      | 6823 ||| DRINKING 5 potions of curing.
  6823 | D:7      | 6823 ||| (to cure confusion)
  6829 | D:7      | 6829 ||| DRINKING 4 potions of curing.
  6829 | D:7      | 6829 ||| (to cure confusion)
  6892 | D:7      | Found a glowing golden altar of the Shining One.
  6961 | D:7      | 6961 ||| INVOKING Berserk.
  6965 | D:7      | Reached skill level 9 in Axes
  7287 | D:7      | Reached skill level 6 in Armour
  7328 | D:8      | 7328 ||| Stepping ~*~*~tactically~*~*~ (hiding).
  7350 | D:8      | 7350 ||| READING scroll of enchant armour.
  7350 | D:8      | 7350 ||| ENCHANTING +0 plate armour.
  7412 | D:8      | 7412 ||| Stepping ~*~*~tactically~*~*~ (hiding).
  7432 | D:8      | 7432 ||| Stepping ~*~*~tactically~*~*~ (stealth).
  7437 | D:8      | Reached **** piety under Trog
  7466 | D:8      | 7466 ||| DROPPING +1 flail of holy wrath.
  7496 | D:8      | 7496 ||| Stepping ~*~*~tactically~*~*~ (hiding).
  7497 | D:8      | 7497 ||| Stepping ~*~*~tactically~*~*~ (hiding).
  7500 | D:8      | 7500 ||| Stepping ~*~*~tactically~*~*~ (stealth).
  7501 | D:8      | 7501 ||| Stepping ~*~*~tactically~*~*~ (stealth).
  7502 | D:8      | 7502 ||| Stepping ~*~*~tactically~*~*~ (stealth).
  7522 | D:8      | 7522 ||| INVOKING Berserk.
  7703 | D:8      | 7703 ||| INVOKING Berserk.
  7840 | D:8      | 7840 ||| INVOKING Berserk.
  7844 | D:8      | Reached skill level 10 in Axes
  8030 | D:8      | Reached XP level 10. HP: 63/63 MP: 10/10
  8157 | D:8      | 8157 ||| INVOKING Berserk.
  8307 | D:8      | 8307 ||| UPGRADING to +0 pair of boots.
  8312 | D:8      | 8312 ||| DRINKING 2 murky inky potions.
  8313 | D:8      | 8313 ||| DROPPING potion of brilliance.
  8359 | D:9      | 8359 ||| STAIRDANCE
  8373 | D:9      | 8373 ||| Stepping ~*~*~tactically~*~*~ (hiding).
  8377 | D:9      | 8377 ||| INVOKING Berserk.
  8494 | D:9      | 8494 ||| Stepping ~*~*~tactically~*~*~ (hiding).
  8495 | D:9      | 8495 ||| Stepping ~*~*~tactically~*~*~ (hiding).
  8575 | D:9      | 8575 ||| Stepping ~*~*~tactically~*~*~ (hiding).
  8579 | D:9      | 8579 ||| INVOKING Berserk.
  8883 | D:9      | 8883 ||| Stepping ~*~*~tactically~*~*~ (hiding).
  8897 | D:9      | 8897 ||| Stepping ~*~*~tactically~*~*~ (stealth).
  8907 | D:9      | 8907 ||| Stepping ~*~*~tactically~*~*~ (stealth).
  8908 | D:9      | 8908 ||| Stepping ~*~*~tactically~*~*~ (stealth).
  8909 | D:9      | 8909 ||| Stepping ~*~*~tactically~*~*~ (stealth).
  8917 | D:9      | 8917 ||| INVOKING Berserk.
  9043 | D:9      | Found Perog's Armour Shoppe.
  9044 | D:9      | Found a staircase to the Orcish Mines.
  9048 | D:9      | Found Felokk's Weapon Shoppe.
  9053 | D:9      | 9053 ||| BUYING +0 kite shield (45 gold).
  9053 | D:9      | Bought a +0 kite shield for 45 gold pieces
  9053 | D:9      | 9053 ||| BUYING +1 cloak of Prudence {Str+7} (312 gold).
  9053 | D:9      | Bought the +1 cloak of Prudence {Str+7} for 312 gold pieces
  9053 | D:9      | 9053 ||| SHOPLISTING +2 pair of boots of stealth (215 gold,
                  | have 190).
  9061 | D:9      | 9061 ||| BUYING +0 broad axe (40 gold).
  9061 | D:9      | Bought a +0 broad axe for 40 gold pieces
  9061 | D:9      | 9061 ||| SWAPPING to +0 broad axe.
  9062 | D:9      | 9062 ||| DROPPING +0 vampiric hand axe.
  9063 | D:9      | 9063 ||| READING scroll of brand weapon.
  9063 | D:9      | 9063 ||| BRANDING +0 broad axe.
  9463 | D:9      | 9463 ||| Stepping ~*~*~tactically~*~*~ (stealth).
  9464 | D:9      | 9464 ||| Stepping ~*~*~tactically~*~*~ (stealth).
  9487 | D:9      | 9487 ||| Stepping ~*~*~tactically~*~*~ (stealth).
  9506 | D:9      | 9506 ||| UPGRADING to +0 buckler.
  9511 | D:9      | 9511 ||| UPGRADING to +0 kite shield.
  9521 | D:9      | 9521 ||| DROPPING +0 buckler.
  9522 | D:9      | 9522 ||| UPGRADING to +1 cloak of Prudence {Str+7}.
  9527 | D:9      | 9527 ||| UPGRADING to +6 ring of dexterity.
  9528 | D:9      | 9528 ||| READING 2 scrolls labelled FIMAPPASYPH.
  9541 | D:9      | 9541 ||| READING 4 scrolls of identify.
  9541 | D:9      | 9541 ||| IDENTIFYING fizzy black potion
  9542 | D:9      | 9542 ||| READING 3 scrolls of identify.
  9542 | D:9      | 9542 ||| IDENTIFYING fuming green potion
  9543 | D:9      | 9543 ||| READING 2 scrolls of identify.
  9543 | D:9      | 9543 ||| IDENTIFYING fuming clear potion
  9544 | D:9      | 9544 ||| DROPPING potion of lignification.
  9545 | D:9      | 9545 ||| DROPPING potion of ambrosia.
  9546 | D:9      | 9546 ||| DROPPING scroll of torment.
  9595 | D:10     | Entered Level 10 of the Dungeon
  9646 | D:10     | Reached skill level 1 in Shields
  9700 | D:10     | Killed an unseen horror
  9701 | D:10     | Reached skill level 3 in Shields
  9762 | D:10     | Noticed a two-headed ogre
  9765 | D:10     | 9765 ||| Stepping ~*~*~tactically~*~*~ (stealth).
  9768 | D:10     | 9768 ||| INVOKING Berserk.
  9773 | D:10     | Killed a two-headed ogre
  9789 | D:10     | Reached skill level 6 in Shields
  9924 | D:10     | 9924 ||| READING scroll of brand weapon.
  9924 | D:10     | 9924 ||| BRANDING +0 broad axe of freezing.
  9925 | D:10     | 9925 ||| DROPPING +0 morningstar.
  9947 | D:10     | Noticed a centaur warrior
  9951 | D:10     | Noticed a wizard
  9952 | D:10     | 9952 ||| INVOKING Trog's Hand.
  9955 | D:10     | Killed a centaur warrior
  9957 | D:10     | 9957 ||| Stepping ~*~*~tactically~*~*~ (hiding).
  9964 | D:10     | Killed a wizard
  9965 | D:10     | Reached skill level 3 in Dodging
  9965 | D:10     | Reached XP level 11. HP: 68/68 MP: 11/11
 10077 | D:10     | Identified the +2 long sword of Anioschoxo {vorpal, rElec
                  | rN+ Int+2}
 10078 | D:10     | Identified the +0 leather armour "Olasecza" {rC- Will+
                  | Dex+4}
 10337 | D:10     | Found a staircase to the Lair.
 10441 | D:10     | 10441 ||| PLANNING LAIR
 10441 | D:10     | 10441 ||| READING scroll labelled LUMMATIACA.
 10542 | D:10     | 10542 ||| READING scroll labelled JONASTEIHI.
 10574 | Lair:1   | Entered Level 1 of the Lair of Beasts
 10576 | Lair:1   | 10576 ||| INVOKING Berserk.
 10748 | Lair:1   | 10748 ||| INVOKING Berserk.
 10752 | Lair:1   | Reached skill level 9 in Shields
 10896 | Lair:1   | Identified the +4 shortbow "Uxool" {speed, Int+2}
 10964 | Lair:1   | 10964 ||| INVOKING Berserk.
 11129 | Lair:1   | 11129 ||| INVOKING Berserk.
 11358 | Lair:1   | Noticed a fire dragon
 11361 | Lair:1   | 11361 ||| INVOKING Berserk.
 11377 | Lair:1   | Killed from afar by a fire dragon

Levels and vault maps discovered:
D:1:      amcnicky_arrival_double_pillar, layout_rooms,
          shapermc_ecumenical_altar_mp_urbaneastern
D:2:      layout_loops_ring
D:3:      layout_loops_ring, guppyfry_early_orc_mine
D:4:      layout_basic, mainiacjoe_overflow_concentric_impassable,
          mainiacjoe_overflow_small_starburst, minmay_temple_entry_from_below_a,
          hex_medium, nicolae_shop_clearance
D:5:      layout_cave_pools, due_unseen_surprise
D:6:      layout_loops_corners
D:7:      layout_gridville, marbit_many_paths, chequers_garden
D:8:      layout_rooms
D:9:      layout_loops_ring, orc_david_3, lightli_bailey_entry_fortress
D:10:     layout_loops_ring, lair_entry_dummy, minmay_radiant
Lair:1:   dragon1_lemuel, layout_regular_city

Skill      XL: |  1  2  3  4  5  6  7  8  9 10 11 |
---------------+----------------------------------+-----
Axes           | 3 4 5 6 7 8 10 | 10.6
Fighting       | 4 6 7 8 |  8.0
Armour         | 3 4 5 6 7 8 |  8.2
Throwing       | 2 |  2.0
Shields        | 7 9 |  9.2
Dodging        | 3 |  3.1

Action                   |  1- 3 |  4- 6 |  7- 9 | 10-12 || total
-------------------------+-------+-------+-------+-------++-------
Melee: Hand axe          |   122 |   172 |   269 |    81 ||   644
       Punch             |     2 |     3 |     2 |     1 ||     8
       Broad axe         |       |       |       |   100 ||   100
Throw: Boomerang         |       |       |     6 |    40 ||    46
       Javelin           |       |       |    27 |     3 ||    30
Invok: Berserk           |     2 |     2 |    11 |    10 ||    25
       Trog's Hand       |       |       |       |     1 ||     1
  Use: Scroll            |     2 |     4 |    12 |     8 ||    26
       Potion            |       |     1 |     2 |     1 ||     4
 Stab: Distracted        |     1 |       |       |       ||     1
Armor: Animal skin       |    33 |       |       |       ||    33
       Scale mail        |    25 |    39 |       |       ||    64
       Chain mail        |       |    34 |    21 |       ||    55
       Plate armour      |       |       |   165 |   155 ||   320
Dodge: Dodged            |    88 |    64 |    86 |    50 ||   288
Block: Kite shield       |       |       |       |    45 ||    45

Table legend:
 A = Non-vault XP
 B = Vault XP
 C = Vault XP percentage of total XP
 D = Non-vault monster count
 E = Vault monster count
 F = Vault count percentage of total count
                 A         B        C        D         E       F
            +---------+---------+-------+---------+---------+-------
      Total |   11355 |    1627 |  12.5 |     225 |      25 |  10.0
            +---------+---------+-------+---------+---------+-------
        D:1 |      52 |       0 |   0.0 |      30 |       0 |   0.0
        D:2 |      32 |       0 |   0.0 |      14 |       0 |   0.0
        D:3 |      56 |      17 |  23.3 |      16 |       7 |  30.4
        D:4 |     362 |       0 |   0.0 |      22 |       0 |   0.0
        D:5 |     342 |       0 |   0.0 |      17 |       0 |   0.0
        D:6 |     718 |       0 |   0.0 |      19 |       0 |   0.0
        D:7 |    1505 |      43 |   2.8 |      30 |       1 |   3.2
        D:8 |    1699 |       0 |   0.0 |      25 |       0 |   0.0
        D:9 |    1016 |      62 |   5.8 |      25 |      15 |  37.5
       D:10 |    3166 |    1505 |  32.2 |      18 |       2 |  10.0
     Lair:1 |    2407 |       0 |   0.0 |       9 |       0 |   0.0
            +---------+---------+-------+---------+---------+-------
